 Dungeon Crawl Stone Soup version 0.29.1-13-g9f3cf754e1 (webtiles) character file.

Game seed: 4374135628827716628

603 Thatpatchoflichen the Trooper (level 7, -1/75 HPs)
             Began as an Ogre Fighter on Jan 29, 2023.
             Was a Follower of Okawaru.
             Slain by a gnoll sergeant
             ... wielding a +0 trident
              (12 damage)
             ... on level 5 of the Dungeon.
             The game lasted 00:11:42 (5774 turns).

Thatpatchoflichen the Trooper (Ogre Fighter)        Turns: 5774, Time: 00:11:43

Health: -1/75      AC:  3    Str: 21    XL:     7   Next: 42%
Magic:  7/7        EV:  9    Int:  9    God:    Okawaru [*.....]
Gold:   261        SH:  8    Dex: 10    Spells: 6/6 levels left

rFire   + . .      SeeInvis .   a - +0 long sword
rCold   . . .      Faith    .   c - +0 kite shield
rNeg    . . .      Spirit   .   b - +0 robe
rPois   .          Reflect  .   (helmet restricted)
rElec   .          Harm     .   (no cloak)
rCorr   .          Rampage  .   (gloves unavailable)
Will    .....                   (boots unavailable)
Stlth   +.........              (no amulet)
HPRegen 0.22/turn               f - ring of protection from fire
MPRegen 0.10/turn               (no ring)

@: no status effects
A: large, unfitting armour, tough skin 1
a: Renounce Religion, Heroism


You were on level 5 of the Dungeon.
You worshipped Okawaru.
Okawaru was aware of your devotion.
You visited 2 branches of the dungeon, and saw 7 of its levels.

You collected 261 gold pieces.

Inventory:

Hand Weapons
 a - a +0 long sword (weapon)
Missiles
 k - 2 poisoned darts (quivered)
Armour
 b - a +0 robe (worn)
 c - a +0 kite shield (worn)
Jewellery
 f - a ring of protection from fire (left hand)
Wands
 s - a wand of roots (11)
Scrolls
 e - 3 scrolls of immolation {unknown}
 g - 5 scrolls of poison {unknown}
 h - a scroll of summoning {unknown}
 i - 3 scrolls of identify {unknown}
 n - 2 scrolls of noise {unknown}
 o - a scroll of magic mapping {unknown}
 p - a scroll of teleportation {unknown}
 q - 4 scrolls of blinking {unknown}
Potions
 d - a potion of might
 j - 2 potions of magic {unknown}
 l - 3 potions of curing {unknown}
 m - a potion of attraction {unknown}
 r - a potion of invisibility {unknown}
 t - a potion of brilliance {unknown}
 u - 2 potions of mutation {unknown}


   Skills:
 - Level 6.0 Fighting
 * Level 5.3 Long Blades
 - Level 4.0 Dodging
 - Level 4.0 Shields


You had 6 spell levels left.
You didn't know any spells.
Your spell library contained the following spells:

 Spells                   Type           Power      Damage    Failure   Level
 Magic Dart               Conj           0%         1d3       67%         1
 Searing Ray              Conj           0%         2d4       80%         2
 Sublimation of Blood     Necr           0%         N/A       80%         2
 Fulminant Prism          Conj/Hex       0%         3d6       100%        4
 Petrify                  Tmut/Erth      0%         N/A       100%        4
 Irradiate                Conj/Tmut      0%         3d11      100%        5


Dungeon Overview and Level Annotations

Branches:
Dungeon (6/15)             Temple (1/1) D:4

Altars:
Ashenzari
Cheibriados
Elyvilon
Fedhas
Gozag
Hepliaklqana
Kikubaaqudgha
Makhleb
Nemelex Xobeh
Okawaru
Ru
Sif Muna
Trog
Uskayaw
Xom
Zin
The Shining One

Shops:
D:2 *   D:3 [   D:4 [


Innate Abilities, Weirdness & Mutations

You are too large for most types of armour.
You have tough skin. (AC +1)


Message History

You hear an angry hiss. x2; You hear a bark!
You hear a croak.
You hear an angry hiss.
You hear a shout!
There is a stone staircase leading up here.
You climb upwards.
There is a stone staircase leading down here.
The orc hits you with a +0 hand axe.
You hit the orc.
The orc is almost dead.
You block the orc's attack.
The orc wizard gestures wildly while chanting.
The orc wizard flickers and vanishes!
Deactivating autopickup; reactivate with Ctrl-A.
The gnoll sergeant closely misses you. The orc hits you but does no damage.
You slash the orc!
You kill the orc!
Okawaru accepts your kill. You block the gnoll sergeant's attack.
You closely miss something. Something hits you.
You block the gnoll sergeant's attack.
You hit something. Something hits you. You block the gnoll sergeant's attack.
You hit something but do no damage. You block something's attack.
The gnoll sergeant hits you from afar with a +0 trident! x2
Something hits you.
You closely miss something.
An adder comes into view.
You block something's attack.
The gnoll sergeant hits you from afar with a +0 trident!
The adder hisses angrily.
You hit something. Something hits you.
The gnoll sergeant hits you from afar with a +0 trident!
* * * LOW HITPOINT WARNING * * *
You barely miss something.
You hear some strange, mumbled words.
Something tries to affect you, but you resist.
The gnoll sergeant hits you from afar with a +0 trident!
* * * LOW HITPOINT WARNING * * *
You miss something. Something hits you.
* * * LOW HITPOINT WARNING * * *
The gnoll sergeant hits you from afar with a +0 trident!
You die...

..##.... .... ........
#.. ...# ........
#..######...# #
........
............##..
........
................
........
.........S......
..##... #.....g.....#
..#####+##.......>...#
....g>..########@#####
........##..####{##
..####+###........#
(.# #.......รท# ..#
..?.....># ...
#..##...## ..## #.
#...# ..# # #....
#....


You could see a gnoll sergeant and an adder.

Vanquished Creatures
  2 scorpions (D:4)
  A bullfrog (D:5)
  A necrophage (D:4)
  A howler monkey (D:5)
  A hound (D:6)
  2 orc priests
  2 iguanas (D:4)
  3 gnolls (D:3)
  5 adders
  3 ufetubi
  4 worms
  12 orcs
  4 ball pythons
  5 endoplasms
  5 giant cockroaches
  4 goblins
  8 hobgoblins
  3 jackals
  4 kobolds
  3 quokkas
  4 bats
  3 frilled lizards
  7 rats
87 creatures vanquished.

Vanquished Creatures (others)
  An orc (D:4)
  An endoplasm (D:4)
  6 plants (D:5)
8 creatures vanquished.

Grand Total: 95 creatures vanquished

Notes
Turn   | Place    | Note
-------+----------+-------------------------------------------
     0 | D:1      | Thatpatchoflichen the Ogre Fighter began the quest for the
                  | Orb.
     0 | D:1      | Reached XP level 1. HP: 24/24 MP: 1/1
   238 | D:1      | Reached XP level 2. HP: 23/32 MP: 2/2
   438 | D:2      | Found a shimmering altar of Xom.
   586 | D:1      | Found a faded altar of an unknown god.
  1357 | D:2      | Found Hufit's General Store.
  1408 | D:2      | Reached XP level 3. HP: 34/40 MP: 3/3
  1689 | D:3      | Found Muoqetarr's Armour Emporium.
  1733 | D:3      | Found a burning altar of Makhleb.
  1772 | D:3      | Reached XP level 4. HP: 27/49 MP: 4/4
  2032 | D:3      | You fall into a shaft and drop 2 floors!
  2032 | D:5      | Entered Level 5 of the Dungeon
  2066 | D:5      | Found an opulent altar of Gozag.
  2247 | D:3      | Reached skill level 5 in Fighting
  2247 | D:3      | Reached XP level 5. HP: 43/57 MP: 5/5
  3588 | D:4      | Found Nejywn's Armour Boutique.
  3735 | D:4      | Reached XP level 6. HP: 54/66 MP: 6/6
  4117 | D:4      | Found a staircase to the Ecumenical Temple.
  4126 | Temple   | Entered the Ecumenical Temple
  4133 | Temple   | Became a worshipper of Warmaster Okawaru
  4208 | D:4      | Found a white marble altar of Elyvilon.
  4328 | D:4      | Found a sparkling altar of Nemelex Xobeh.
  4466 | D:4      | Reached skill level 6 in Fighting
  4875 | D:4      | Reached XP level 7. HP: 56/73 MP: 7/7
  4999 | D:4      | Found a shimmering blue altar of Sif Muna.
  5445 | D:5      | Reached skill level 5 in Long Blades
  5755 | D:6      | Noticed a steam dragon
  5758 | D:6      | Reached * piety under Okawaru
  5774 | D:5      | Slain by a gnoll sergeant

Illustrated notes

Levels and vault maps discovered:
D:1:      scummos_arrival_forest, layout_loops_ring,
          shapermc_ecumenical_altar_petra, minmay_misc_feat_five
D:2:      layout_loops_ring, serial_shops,
          nicolae_shop_temple_entry_statues_fountains, basic_altar
D:3:      layout_basic, lemuel_doored_altar, serial_shops, shop,
          gup_sewer_entry_spiral
D:4:      layout_rooms, elyvilon_altar_4, kennysheep_orc_sif_temple,
          nemelex_dance_club_becter, minmay_temple_entry_arrows, serial_shops,
          shop, kennysheep_generic_room_6
D:5:      layout_gridville, nicolae_qazlal_scattered_showers,
          mainiacjoe_overflow_cross_hatched, nicolae_grassy_gnolls
D:6:      minmay_recursive_quarters, layout_cave_pools, uniq_sigmund
Temple:   nicolae_temple_no_exploring_needed

Skill      XL: |  1  2  3  4  5  6  7 |
---------------+----------------------+-----
Long Blades    | 2 3 4 5 |  5.3
Dodging        | 3 4 |  4.0
Fighting       | 5 6 |  6.0
Shields        | 4 |  4.0

Action                   |  1- 3 |  4- 6 |  7- 9 || total
-------------------------+-------+-------+-------++-------
Melee: Long sword        |    95 |   228 |    68 ||   391
 Stab: Sleeping          |       |     1 |       ||     1
Armor: Robe              |    52 |    45 |    10 ||   107
Dodge: Dodged            |    57 |   113 |    23 ||   193
Block: Kite shield       |    44 |   112 |    25 ||   181
